 Dungeon Crawl Stone Soup version 0.30-b1-5-g8e6c1be481 (webtiles) character file.

Game seed: 6638314472409372596

450 Sweeb the Shield-Bearer (level 7, -2/48 HPs)
             Began as an Octopode Fighter on May 4, 2023.
             Succumbed to Jase's ghost's poison
             ... on level 3 of the Dungeon.
             The game lasted 00:07:47 (3317 turns).

Sweeb the Shield-Bearer (Octopode Fighter)          Turns: 3317, Time: 00:07:47

Health: -2/48      AC:  1    Str: 29 (30) XL:     7   Next: 4%
Magic:  7/7        EV: 13    Int:  9 (10) God:
Gold:   161        SH:  4    Dex:  9 (11) Spells: 6/6 levels left

rFire   . .          .
                       - Unarmed
rCold   . . .        a - +0 buckler
rNeg    + . .        k - +0 hat
rPois   .            (no amulet)
rElec   .            c - +6 ring of strength
rCorr   .            h - ring of positive energy
SInv    .            n - +6 ring of strength
Will    .....        (no ring)
Stlth   +++          (no ring)
HPRegen 0.28/turn    (no ring)
MPRegen 0.10/turn    (no ring)
                     (no ring)

%: no passive effects
@: lethally poisoned (-2 -> -36)
A: almost no armour, amphibious, 8 rings, camouflage 1, gelatinous body 1,
(nimble swimmer 1), tentacles
a: no special abilities


You were on level 3 of the Dungeon.
You visited 1 branch of the dungeon, and saw 4 of its levels.

You collected 161 gold pieces.

Inventory:

Armour
 a - a +0 buckler (worn)
 k - a +0 hat (worn)
Jewellery
 c - a +6 ring of strength (left tentacle)
 h - a ring of positive energy (right tentacle)
 i - a ring of ice
 n - a +6 ring of strength (on tentacle)
Wands
 o - a wand of iceblast (7)
 r - a wand of quicksilver (8)
Scrolls
 g - 3 scrolls of teleportation
 m - a scroll of brand weapon
 q - a scroll of amnesia {unknown}
Potions
 d - 3 potions of curing
 e - 2 potions of attraction
 f - a potion of brilliance {unknown}
 j - a potion of ambrosia {unknown}
 l - a potion of degeneration
 p - a potion of resistance


   Skills:
 + Level 4.1 Fighting
 - Level 3.0 Dodging
 + Level 3.2 Stealth
 * Level 5.1 Shields
 * Level 4.5 Unarmed Combat


You had 6 spell levels left.
You didn't know any spells.
Your spell library contained the following spells:

 Spells                   Type           Power      Damage    Failure   Level
 Magic Dart               Conj           0%         1d3       43%         1
 Summon Small Mammal      Summ           0%         N/A       43%         1
 Call Imp                 Summ           0%         N/A       56%         2
 Call Canine Familiar     Summ           0%         N/A       80%         3
 Mephitic Cloud           Conj/Pois/Air  0%         N/A       80%         3
 Summon Guardian Golem    Hex/Summ       0%         N/A       80%         3


Dungeon Overview and Level Annotations

Branches:
Dungeon (4/15)
 Temple: D:4-7

Altars:
Elyvilon
Makhleb
Xom

Annotations:
D:3 Jase's ghost, amateur MiFi


Innate Abilities, Weirdness & Mutations

You cannot wear most types of armour.
You are amphibious.
You can wear up to eight rings at the same time.
Your skin changes colour to match your surroundings (Stealth+).
Your rubbery body absorbs attacks. (AC +1, EV +1)
((You are camouflaged when in or above water. (Stealth+)))
You have tentacles for arms and can constrict up to eight enemies at once.


Message History

You tentacle-slap the kobold.
You kill the kobold!
You tentacle-slap Jase's ghost but do no damage.
Jase's ghost hits you.
You are poisoned.
You tentacle-slap Jase's ghost.
Jase's ghost is lightly damaged.
You feel very sick. Jase's ghost misses you.
You tentacle-slap Jase's ghost but do no damage.
Jase's ghost is lightly damaged.
You feel sick. Jase's ghost barely misses you.
You tentacle-slap Jase's ghost. Your squeeze misses Jase's ghost.
Jase's ghost is lightly damaged.
You feel sick. Jase's ghost barely misses you.
You bludgeon Jase's ghost! Your squeeze misses Jase's ghost.
Jase's ghost is moderately damaged.
You feel sick. Jase's ghost hits you!
You are more poisoned.
You tentacle-slap Jase's ghost. Your squeeze misses Jase's ghost.
Jase's ghost is heavily damaged.
You feel very sick. Jase's ghost hits you.
You are more poisoned.
You bludgeon Jase's ghost!
Jase's ghost is severely damaged.
You feel very sick. Jase's ghost hits you.
You are more poisoned.
You tentacle-slap Jase's ghost but do no damage.
Jase's ghost is severely damaged.
* * * LOW HITPOINT WARNING * * *
You feel very sick. Jase's ghost hits you!
* * * LOW HITPOINT WARNING * * *
You are more poisoned.
It was a potion of degeneration.
There was something very wrong with that liquid.
You feel weakened.
You feel dopey.
You feel clumsy.
You die...

#....# ###
#.#### #
#.# # ##>#
# #..# #
#.## # #.#
# #.# # #@#
# #W# # #.#
# #####.# #
#.....# #
#...##### #
#KK##~⌠~##
#
#W.#K....#
####
#..'K###..#
#...


You could see Jase's ghost.

Vanquished Creatures
  A necrophage (D:4)
  A jelly (D:4)
  3 orc priests (D:3)
  A sleepcap (D:4)
  An iguana (D:4)
  An orc wizard (D:4)
  A hound skeleton (D:4)
  5 adders
  3 gnolls (D:4)
  3 worms
  2 dart slugs
  6 orcs
  8 ball pythons
  6 endoplasms
  2 giant cockroaches
  7 hobgoblins
  13 jackals
  6 quokkas
  5 bats
  6 frilled lizards
  7 goblins
  11 kobolds
  3 rats
102 creatures vanquished.

Vanquished Creatures (others)
  A butterfly (D:4)
  2 fungi (D:3)
  2 plants (D:3)
5 creatures vanquished.

Grand Total: 107 creatures vanquished

Notes
Turn   | Place    | Note
-------+----------+-------------------------------------------
     0 | D:1      | Sweeb the Octopode Fighter began the quest for the Orb.
     0 | D:1      | Reached XP level 1. HP: 16/16 MP: 1/1
   158 | D:1      | Reached XP level 2. HP: 21/21 MP: 2/2
   342 | D:1      | Reached XP level 3. HP: 26/26 MP: 3/3
   872 | D:2      | Reached XP level 4. HP: 22/31 MP: 4/4
  1413 | D:3      | Found a shimmering altar of Xom.
  1551 | D:3      | Found a runed translucent gate.
  1551 | D:3      | Found a runed translucent gate.
  1551 | D:3      | Found a runed translucent gate.
  1553 | D:3      | Noticed a kobold brigand
  1556 | D:3      | Noticed Jase's ghost (amateur MiFi)
  1606 | D:4      | Reached skill level 1 in Stealth
  1606 | D:4      | Reached skill level 4 in Shields
  1887 | D:4      | Reached XP level 5. HP: 36/36 MP: 5/5
  1983 | D:4      | Found a white marble altar of Elyvilon.
  2182 | D:4      | Found a burning altar of Makhleb.
  2187 | D:4      | Reached XP level 6. HP: 43/43 MP: 6/6
  2854 | D:3      | Reached skill level 5 in Shields
  3040 | D:3      | Reached XP level 7. HP: 33/48 MP: 7/7
  3317 | D:3      | Succumbed to Jase's ghost's poison

Illustrated notes

Levels and vault maps discovered:
D:1:      dpeg_arrival_arbitrary_a, layout_rooms, serial_bayou_pond_d
D:2:      layout_loops_corners, minmay_misc_feat_more_columns,
          supply_closet_lemuel
D:3:      layout_loops_ring, lemuel_doored_altar, gammafunk_ghost_nasty_kobolds
D:4:      layout_basic, makhleb_blood_cavern_becter,
          nicolae_elyvilon_peaceful_grove

Skill      XL: |  1  2  3  4  5  6 |
---------------+-------------------+-----
Unarmed Combat | 3 4 |  4.5
Stealth        | 1 2 3 |  3.2
Shields        | 4 5 |  5.1
Fighting       | 4 |  4.1
Dodging        | |  3.0

Action                     |  1- 3 |  4- 6 |  7- 9 || total
---------------------------+-------+-------+-------++-------
  Melee: Unarmed           |    73 |   132 |    19 ||   224
         Constrict         |    18 |    30 |     2 ||    50
         Tentacles         |    13 |    21 |     4 ||    38
         Punch             |     2 |     7 |     1 ||    10
    Use: Scroll            |       |     6 |       ||     6
         Potion            |       |     1 |     1 ||     2
   Stab: Sleeping          |     5 |     7 |       ||    12
 Armour: Skin              |     5 |     4 |       ||     9
  Dodge: Dodged            |    38 |    67 |     6 ||   111
  Block: Buckler           |    12 |    28 |     4 ||    44
